 Dungeon Sprint DCSS version 0.21.1-1-g345015f (webtiles) character file.

700000 vatarom the Eclecticist (level 13, -34/116 HPs)
             Began as a Demonspawn Warper on Apr 28, 2018.
             Annihilated by a meat berserker
             ... wielding a +9 battleaxe
              (65 damage)
             ... in the Dungeon (Sprint VIII: "Arena of Blood").
             The game lasted 00:00:12 (7 turns).

vatarom the Eclecticist (Demonspawn Warper)            Turns: 7, Time: 00:00:13

Health: -34/116    AC:  3    Str: 16    XL:     13   Next: 0%
Magic:  3/34       EV: 23    Int: 15    God:
Gold:   0          SH:  0    Dex: 13    Spells: 46/46 levels left

rFire    + . .     SeeInvis .   l - +∞ Axe of Woe
rCold    . . .     Gourm    .   (shield currently unavailable)
rNeg     . . .     Faith    .   b - +0 leather armour
rPois    .         Spirit   .   (helmet restricted)
rElec    .         Reflect  .   (no cloak)
rCorr    .         Harm     .   (no gloves)
MR       .....     NoTele   +   (no boots)
Stlth    ++........             (no amulet)
HPRegen  0.29/turn              (no ring)
MPRegen  0.24/turn              (no ring)

@: no status effects
A: antennae 1, repulsion field 2, fire resistance 1, nightstalker 1
a: no special abilities


You were in the Dungeon.
You were not hungry.

You visited 1 branch

Inventory:

Hand Weapons
 a - a +0 hand axe
 l - the +∞ Axe of Woe (weapon)
   (You found it in the Dungeon)
Missiles
 e - 5 tomahawks of dispersal (quivered)
Armour
 b - a +0 leather armour (worn)
Scrolls
 d - 2 scrolls of blinking
Potions
 g - a potion of curing
 h - a potion of heal wounds
 i - a potion of haste
 j - 2 potions of magic
 k - a potion of berserk rage
Books
 c - a book of Spatial Translocations

   Spells                             Type                      Level
   a - Blink                          Translocation                2
   b - Shroud of Golubria             Charms/Translocation         2
   c - Lesser Beckoning               Translocation                3
   d - Gell's Gravitas                Translocation                3
   e - Teleport Other                 Translocation                3
   f - Passage of Golubria            Translocation                4
Comestibles
 f - a ration


   Skills:
 + Level 15.6 Fighting
 + Level 14.5 Axes
 + Level 5.7 Throwing
 + Level 5.6 Armour
 + Level 14.5 Dodging
 + Level 17.1 Spellcasting
   Level 2.6 Translocations


You had 46 spell levels left.
You didn't know any spells.

Dungeon Overview and Level Annotations

Branches:
Dungeon (1/1)

Altars:
Makhleb


Innate Abilities, Weirdness & Mutations

You have a pair of small antennae on your head.
You are surrounded by a moderate repulsion field. (EV +3)
Your flesh is heat resistant. (rF+)
You are slightly more attuned to the shadows.


Message History

You feel stronger.
You have reached level 10!
Your demonic ancestry asserts itself...
You slip into the darkness of the dungeon.
You have reached level 11!
You have reached level 12!
Your experience leads to an increase in your attributes!
Increase (S)trength, (I)ntelligence, or (D)exterity?
You feel stronger.
You feel clever.
You have reached level 13!
You hear a shout! x5
The meat berserker hits you with a +9 battleaxe!!!
Ouch! That really hurt!
You hear a shout! x8
The meat berserker hits you with a +9 battleaxe!!
* * * LOW HITPOINT WARNING * * *
You hear a shout! x2
The meat berserker hits you with a +9 battleaxe!!!
Ouch! That really hurt!
You die...

#.. ..# #.. ..#
.###O. ..###.
......###......
....._.....
#.....# .
#_.<._# .
....#..O..#....
...oo..@o......
......###......
.###.. ..###.
#.. ..# #. .#
.. .. .. ..


You could see 2 meat berserkers and 3 bags of meat.

Vanquished Creatures
  An ogre (D)
1 creature vanquished.

Notes
Turn   | Place    | Note
-------+----------+-------------------------------------------
     0 | D        | Found the +∞ Axe of Woe
     0 | D        | vatarom the Demonspawn Warper began the quest for the Orb.
     0 | D        | Reached XP level 1. HP: 16/16 MP: 3/3
     2 | D        | Noticed a bag of meat
     2 | D        | Noticed a meat berserker
     3 | D        | Noticed a bag of meat
     3 | D        | Noticed a bag of meat
     4 | D        | Noticed a meat berserker
     5 | D        | Noticed a bag of meat
     6 | D        | Killed a meat berserker
     6 | D        | Reached skill level 15 in Fighting
     6 | D        | Reached skill level 5 in Throwing
     6 | D        | Reached skill level 5 in Armour
     6 | D        | Reached skill level 17 in Spellcasting
     6 | D        | Gained mutation: Your flesh is heat resistant. (rF+) [demonic ancestry]
     6 | D        | Reached XP level 2. HP: 44/44 MP: 3/20
     6 | D        | Gained mutation: You are surrounded by a mild repulsion field. (EV +2) [demonic ancestry]
     6 | D        | Reached XP level 3. HP: 50/50 MP: 3/21
     6 | D        | Reached XP level 4. HP: 57/57 MP: 3/23
     6 | D        | Reached XP level 5. HP: 63/63 MP: 3/24
     6 | D        | Gained mutation: You have a pair of small antennae on your head. [demonic ancestry]
     6 | D        | Reached XP level 6. HP: 70/70 MP: 3/26
     6 | D        | Reached XP level 7. HP: 76/76 MP: 3/27
     6 | D        | Gained mutation: You are surrounded by a moderate repulsion field. (EV +3) [demonic ancestry]
     6 | D        | Reached XP level 8. HP: 83/83 MP: 3/29
     6 | D        | Reached XP level 9. HP: 90/90 MP: 3/30
     6 | D        | Gained mutation: You are slightly more attuned to the shadows. [demonic ancestry]
     6 | D        | Reached XP level 10. HP: 97/97 MP: 3/31
     6 | D        | Reached XP level 11. HP: 103/103 MP: 3/32
     6 | D        | Reached XP level 12. HP: 110/110 MP: 3/33
     6 | D        | Reached XP level 13. HP: 116/116 MP: 3/34
     7 | D        | Annihilated by a meat berserker

Skill      XL: |  1 |
---------------+----+-----
Fighting       | 15 | 15.6
Axes           | 14 | 14.5
Throwing       | 5 |  5.7
Armour         | 5 |  5.6
Dodging        | 14 | 14.5
Spellcasting   | 17 | 17.1
Translocations | |  2.6

Action                   |  1- 3 |  4- 6 |  7- 9 | 10-12 | 13-15 || total
-------------------------+-------+-------+-------+-------+-------++-------
Melee: Executioner's axe |     1 |       |       |       |       ||     1
